AoeStats
← Matisidio58

MegaRandom

510655596Analyzed
2v2 RM · 1d ago on Oct 2, 2026· 36m 25s· 4 players
Game mode
Random Map
Map size
Medium (4 player)
Population
200
Speed
Normal
Resources
Standard
Victory
Conquest
Starting age
Dark Age
Ending age
Imperial Age
RankedLock teamsTeams togetherTeam positionsShared explorationLock speedFull tech treeHidden civsTurbo modeCheats
Victory
Defeat
🇺🇸 Danes · United States
702
+22
🇨🇴 Romans · Colombia
686
+22
🇺🇸 Goths · United States
908
-89
🇺🇸 Goths · United States
760
-19
Matisidio58
8:50 Loom
10:51 Feudal Age
21:19 Castle Age
22:50 Double-Bit Axe
28:51 Elite Skirmisher
33:11 Scale Mail Armor
33:22 Forging
crirob2016
0:30 Loom
11:29 Feudal Age
12:20 Man-at-Arms
13:16 Horse Collar
13:30 Double-Bit Axe
13:39 Gold Mining
18:01 Scale Mail Armor
22:59 Castle Age
22:36 Wheelbarrow
24:10 Forging
24:01 Padded Archer Armor
24:13 Town Watch
25:43 Bow Saw
25:23 Fishing Lines
26:42 Gold Shaft Mining
25:34 Long Swordsman
26:51 Squires
29:07 Hand Cart
28:54 Pikeman
29:56 Caravan
31:45 Town Patrol
32:30 Chain Mail Armor
39:34 Imperial Age
Merryweather
19:26 Feudal Age
24:31 Castle Age
22:42 Fletching
22:57 Padded Archer Armor
22:40 Man-at-Arms
23:12 Double-Bit Axe
24:31 Horse Collar
25:50 Wheelbarrow
30:05 Hand Cart
30:26 Heavy Plow
krvbaconator
12:42 Feudal Age
10:58 Loom
14:02 Wheelbarrow
13:11 Man-at-Arms
18:27 Forging
21:24 Gold Mining
21:39 Double-Bit Axe
24:39 Castle Age
22:50 Horse Collar
23:34 Stone Mining
24:31 Bloodlines
25:27 Husbandry
29:18 Iron Casting
Connection lost

Rejoining the realm…

Still unreachable

The connection could not be restored.

Session expired

The server has moved on; the page needs a fresh start.